 Dungeon Crawl Stone Soup version 0.32-a0-616-g9348d4545b (webtiles) character file.

Game seed: 17837223547453628419

55 ezpacito the Trooper (level 3, -4/29 HPs)
             Began as a Coglin Chaos Knight on Mar 6, 2024.
             Was a Plaything of Xom.
             Killed from afar by Natasha the goblin (7 damage)
             ... with a puff of flame
             ... on level 1 of the Dungeon.
             The game lasted 00:03:15 (981 turns).

ezpacito the Trooper (Coglin Chaos Knight)           Turns: 981, Time: 00:03:16

Health: -4/29      AC:  6    Str: 14    XL:     3   Next: 93%
Magic:  3/3        EV: 11    Int: 11    God:    Xom [..*...]
Gold:   93         SH:  0    Dex: 13    Spells: 2/2 levels left

rFire   . . .        a - +0 hand axe (chaos) {Ramón}
rCold   . . .        f - +1 dagger (drain) {Eideard}
rNeg    . . .        b - +3 leather armour
rPois   .            (no helmet)
rElec   .            (no cloak)
rCorr   .            (no gloves)
SInv    .            (no boots)
Will    .....        (amulet unavailable)
Stlth   +            (ring unavailable)
HPRegen 0.24/turn    (ring unavailable)
MPRegen 0.08/turn    (no gizmo)

%: no passive effects
@: liquefying, slowed movement, very slow
A: off-hand wielding, slow wielding, warmup strikes, no jewellery
a: Invent Gizmo, Renounce Religion


You were on level 1 of the Dungeon.
You worshipped Xom.
You were a toy of Xom.
You visited 1 branch of the dungeon, and saw 2 of its levels.

You collected 93 gold pieces.

Inventory:

Hand Weapons
 a - a +0 hand axe of chaos (weapon) {Ramón}
 f - a +1 dagger of draining (offhand) {Eideard}
Missiles
 i - a throwing net
Armour
 b - a +3 leather armour (worn)
Wands
 o - a wand of polymorph (1)
Scrolls
 j - a scroll of identify {unknown}
Potions
 k - a potion of haste {unknown}
 m - a potion of enlightenment {unknown}
 n - a potion of degeneration {unknown}


   Skills:
 * Level 3.4 Fighting
 * Level 3.3(3.4) Axes
 + Level 0.8(2.1) Polearms
 * Level 2.1 Armour
 * Level 1.5 Dodging
 + Level 0.3 Stealth
 + Level 0.3 Spellcasting


You had 2 spell levels left.
You didn't know any spells.
Your spell library was empty.

Dungeon Overview and Level Annotations

Branches:
Dungeon (2/15)

Altars:
Xom

Annotations:
D:1 Natasha


Innate Abilities, Weirdness & Mutations

You can wield a second weapon in your off-hand.
It takes a long time for you to wield or remove held weapons.
Your first few attacks do less damage.
You cannot equip rings or amulets.


Message History

You now have 93 gold pieces (gained 14).
Your butterfly disappears in a burst of colours!
Your butterfly disappears in a burst of colours!
Your butterfly disappears in a burst of colours! x2
You start resting.
Your butterfly disappears in a burst of colours! x4
Natasha is nearby!
You regained 5 hp, and now have 13/29 hp.
Aiming: Polymorph
Press: ? - help, Shift-Dir - straight line, f - Natasha
Aim: Natasha, carrying a wand of flame (will become a jelly, a goblin, or an adder, chance to affect: 49%) Natasha resists with some effort.
Natasha zaps a wand.
The puff of flame hits you!
* * * LOW HITPOINT WARNING * * *
You take 9 damage, and have 5/29 hp.
MASSIVE DAMAGE!!
Aiming: Polymorph
Press: ? - help, Shift-Dir - straight line, f/p - Natasha
Aim: Natasha, carrying a wand of flame (will become a jelly, a goblin, or an adder, chance to affect: 49%) Natasha evaporates and reforms as a goblin!
Xom's power flows through you!
The ground around you becomes liquefied!
You are now a toy of Xom.
Natasha picks up a wand of flame (14).
As you read the scroll labelled FAFREU ASEITUUFIST, it crumbles to dust.
It is a scroll of enchant armour.
Your +2 leather armour glows green for a while.
Natasha zaps a wand.
The puff of flame hits you.
* * * LOW HITPOINT WARNING * * *
You take 3 damage, and have 2/29 hp.
The air fills with toxic fumes!
As you read the scroll labelled JESCHI DOGUMI, it crumbles to dust.
It was a scroll of poison.
Natasha zaps a wand.
The puff of flame misses you.
As you read the scroll labelled QAIGUVVACU, it crumbles to dust.
You feel a surge of unholy energy.
Natasha convulses!
It was a scroll of torment.
As you read the scroll labelled TUANOK LISU, it crumbles to dust.
You hear a loud clanging noise!
It was a scroll of noise.
Natasha zaps a wand.
The puff of flame hits you!
You die...
Natasha curls up and begins to purr.

#...##........g###.#............
#...##.##§§§§§§.§§§§§§§.........
#...#.....§§§§§#§§§§§§§.........
#..........§§§§§§§§§§§§.........
#....h......§§§§§§§§§§§.##......
#.........)b.§§§§§§§§##.........
#........>..b.§§§§§§§§§)........
#..........####§§§§§§§§.........
#..........####@§§§§§§§.##.#....
#.......§§§§g§§§§§§§§§§.+..#####
#.......§§§§§§§§§§§§§§§.#.......
#.......§§§§§§§§§§§§§§§.#.......
#.......§§§§§§§§§§§§§§§.#.......
#..)....§§§§§§§§§§§§§§§.#.......
####÷...§§§§§§§§§§§§§§§.#.......
#......§§§§§§§§§§§§§§§.........
#..............................


You could see Natasha the goblin (struggling).

Vanquished Creatures
  2 gnolls (D:1)
  2 dart slugs
  5 ball pythons
  2 bats (D:1)
  3 endoplasms
  4 goblins (D:1)
  2 hobgoblins (D:1)
  2 kobolds (D:1)
  4 quokkas
  3 frilled lizards (D:1)
  2 rats (D:1)
31 creatures vanquished.

Notes
Turn   | Place    | Note
-------+----------+-------------------------------------------
     0 | D:1      | ezpacito the Coglin Chaos Knight began the quest for the
                  | Orb.
     0 | D:1      | Reached XP level 1. HP: 18/18 MP: 1/1
    26 | D:1      | Reached skill level 1 in Dodging
   108 | D:1      | Reached XP level 2. HP: 24/24 MP: 2/2
   115 | D:1      | XOM: divination: detect creatures
   126 | D:1      | XOM: silly message
   248 | D:1      | Found a faded altar of an unknown god.
   256 | D:1      | XOM: smoke on damage
   281 | D:1      | XOM: divination: detect items
   392 | D:1      | XOM: 1-stop teleportation journey
   479 | D:1      | Reached XP level 3. HP: 29/29 MP: 3/3
   560 | D:1      | XOM: scenery: create altars
   838 | D:2      | Noticed Natasha
   853 | D:1      | XOM: smoke on damage
   946 | D:1      | XOM: scenery: create altars
   977 | D:1      | Natasha changed into Natasha the goblin
   977 | D:1      | Noticed Natasha
   977 | D:1      | XOM: cast spell 'Leda's Liquefaction'
   981 | D:1      | Killed from afar by Natasha the goblin

Illustrated notes

Levels and vault maps discovered:
D:1:      wander_arrival_chamber, layout_basic, ebering_ecumenical_altar_webs
D:2:      layout_basic, uniq_crazy_yiuf_cottage, uniq_natasha, uniq_jessica,
          uniq_sigmund

Skill      XL: |  1  2 |
---------------+-------+-----
Dodging        | 1 |  1.5
Armour         | 2 |  2.1
Fighting       | |  3.4
Axes           | |  3.3
Polearms       | |  0.8
Stealth        | |  0.3
Spellcasting   | |  0.3

Action                     || total
---------------------------++-------
  Melee: Dagger            ||    55
         Hand axe          ||    48
  Evoke: Wand              ||     2
    Use: Scroll            ||     8
   Stab: Sleeping          ||     2
 Armour: Leather armour    ||    48
  Dodge: Dodged            ||    38

Table legend: (Time is in decaauts)
 A = Elapsed time spent in this place.
 B = Non-inter-level travel time spent in this place.
 C = Inter-level travel time spent in this place.
 D = Time resting spent in this place.
 E = Time spent auto-exploring this place.
 F = Levels seen in this place.
 G = Mean time per level.
                   A        B        C        D        E       F      G
               +--------+--------+--------+--------+--------+-----+--------+
         Total |    986 |    925 |     61 |     93 |    581 |   2 |  493.0 |
       Dungeon |    986 |    925 |     61 |     93 |    581 |   2 |  493.0 |
               +--------+--------+--------+--------+--------+-----+--------+

Top non-repeatable levels by time:
     D:1: 900 daAuts
     D:2: 85 daAuts
